 Dungeon Crawl Stone Soup version 0.23.2-33-g5129a83184 (webtiles) character file.

Game seed: 10260292868013363138

29 FishyPogo the Caller (level 3, -2/19 HPs)
             Began as a Deep Elf Summoner on Aug 8, 2019.
             Was an Initiate of Zin.
             Slain by a gnoll
             ... wielding a +0 spear
              (6 damage)
             ... on level 2 of the Dungeon.
             The game lasted 00:06:35 (1014 turns).

FishyPogo the Caller (Deep Elf Summoner)            Turns: 1014, Time: 00:06:36

Health: -2/19      AC:  3    Str:  5    XL:     3   Next: 1%
Magic:  2/9        EV: 16    Int: 19    God:    Zin [......]
Gold:   84         SH:  0    Dex: 16    Spells: 5/8 levels left

rFire    . . .     SeeInvis .   a - +0 dagger
rCold    . . .     Gourm    .   (no shield)
rNeg     . . .     Faith    .   f - +0 robe
rPois    .         Spirit   .   j - +0 helmet
rElec    .         Reflect  .   (no cloak)
rCorr    .         Harm     .   (no gloves)
MR       .....                  (no boots)
Stlth    +.........             (no amulet)
HPRegen  0.06/turn              e - +3 ring of evasion
MPRegen  0.11/turn              (no ring)

@: glowing
A: no striking features
a: Donate Gold, Renounce Religion


You were on level 2 of the Dungeon.
You worshipped Zin.
Zin was noncommittal.
You were not hungry.

You visited 1 branch of the dungeon, and saw 2 of its levels.

You collected 93 gold pieces.
You donated 9 gold pieces to Zin.

Inventory:

Hand Weapons
 a - a +0 dagger (weapon)
Missiles
 d - 74 stones (quivered)
Armour
 f - a +0 robe (worn)
 i - a +1 robe of fire resistance
 j - a +0 helmet (worn)
Jewellery
 e - a +3 ring of evasion (left hand)
Scrolls
 h - a scroll of amnesia {unknown}
 k - a scroll of fog {unknown}
Potions
 g - a potion of might {unknown}
Comestibles
 b - a chunk of flesh
 c - 6 rations


   Skills:
 * Level 3.0 Dodging
 + Level 2.9 Stealth
 + Level 3.4 Spellcasting
 * Level 4.8 Summonings


You had 5 spell levels left.
You knew the following spells:

 Your Spells              Type           Power        Failure   Level  Hunger
a - Summon Small Mammal   Summ           ###.         1%          1    None
b - Call Imp              Summ           ###.....     3%          2    ##.....

Your spell library contained the following spells:

 Spells                   Type           Power        Failure   Level  Hunger
 Call Canine Familiar     Summ           ###.....     6%          3    ###....
 Summon Guardian Golem    Hex/Summ       ##......     16%         3    ###....
 Summon Ice Beast         Ice/Summ       ##......     47%         4    ####...
 Summon Lightning Spire   Summ/Air       ##......     47%         4    ####...


Dungeon Overview and Level Annotations

Branches:
Dungeon (2/15)

Altars:
Uskayaw
Zin


Message History

The gnoll barely misses your quokka.
Your quokka bites the gnoll but does no damage.
The gnoll hits your quokka with a +0 spear.
Your quokka dies!
Your quokka's corpse disappears in a puff of smoke!
Your quokka bites the gnoll. x2
The gnoll dies!
You have reached level 3!
Your experience leads to an increase in your attributes!
Increase (S)trength, (I)ntelligence, or (D)exterity?
You feel agile.
Casting: Summon Small Mammal (safe; 1% risk of failure)
Confirm with . or Enter, or press ? or * to list all spells.
The gnoll hits you from afar with a +0 spear.
* * * LOW HITPOINT WARNING * * *
You swap places.
Your quokka bites the gnoll.
Your bat hits the gnoll but does no damage.
Your quokka bites the gnoll.
The gnoll hits you from afar with a +0 spear.
You die...

#.......##### #.........#
#...........###.........#
#.......................#
#######.........#########
####......# #......#
#####..# ########..#
#_@.#A##..# #rrb####g.#
#)rg..##..# #8...8##.##
###'####.# #......#
########


You could see an angel, a gnoll, 3 friendly quokkas and a friendly bat.

Vanquished Creatures
  A hobgoblin (D:1)
  A bat (D:2)
  A frilled lizard (D:2)
3 creatures vanquished.

Vanquished Creatures (collateral kills)
  A gnoll (D:2)
  An adder (D:2)
  A dart slug (D:1)
  A leopard gecko (D:1)
  4 goblins
  4 hobgoblins
  3 bats (D:1)
  3 frilled lizards
  2 kobolds (D:1)
  3 rats (D:1)
23 creatures vanquished.

Grand Total: 26 creatures vanquished

Notes
Turn   | Place    | Note
-------+----------+-------------------------------------------
     0 | D:1      | FishyPogo the Deep Elf Summoner began the quest for the
                  | Orb.
     0 | D:1      | Reached XP level 1. HP: 10/10 MP: 6/6
   210 | D:1      | Reached XP level 2. HP: 7/15 MP: 2/8
   628 | D:2      | Found a hide-covered altar of Uskayaw.
   676 | D:2      | Learned a level 2 spell: Call Imp
   902 | D:2      | Found a glowing silver altar of Zin.
   903 | D:2      | Noticed an angel
  1003 | D:2      | Became a worshipper of Zin the Law-Giver
  1012 | D:2      | Reached XP level 3. HP: 7/19 MP: 2/9
  1014 | D:2      | Slain by a gnoll

Skill      XL: |  1  2 |
---------------+-------+-----
Dodging        | 3 |  3.0
Stealth        | |  2.9
Spellcasting   | |  3.4
Summonings     | |  4.8

Action                   || total
-------------------------++-------
Melee: Unarmed           ||     3
       Dagger            ||    13
Throw: Stone             ||     2
 Cast: Summon Small Mamm ||    61
 Stab: Sleeping          ||     1
Armor: Robe              ||     4
Dodge: Dodged            ||    22
